 Dungeon Sprint DCSS version 0.28-a0-1524-ge72afd5fc6 (webtiles) character file.

Game seed: 3445798248744691626

18 mhtbhm the Shield-Bearer (level 2, -4/46 HPs)
             Began as a Troll Fighter on Jan 17, 2022.
             Was an Initiate of Gozag.
             Slain by a warg (9 damage)
             ... in the Dungeon (Sprint VII: "The Pits").
             The game lasted 00:00:38 (130 turns).

mhtbhm the Shield-Bearer (Troll Fighter)             Turns: 130, Time: 00:00:39

Health: -4/46      AC:  4    Str: 23    XL:     2   Next: 51%
Magic:  1/1        EV:  9    Int:  4    God:    Gozag
Gold:   243        SH:  7    Dex:  9    Spells: 1/1 levels left

rFire   . . .      SeeInvis .   a - +2 mace
rCold   . . .      Faith    .   c - +0 kite shield
rNeg    . . .      Spirit   .   b - +0 robe
rPois   .          Reflect  .   (helmet restricted)
rElec   .          Harm     .   (no cloak)
rCorr   .          Rampage  .   (gloves unavailable)
Will    .....      NoTele   +   (boots unavailable)
Stlth   ..........              (no amulet)
HPRegen 0.95/turn               (no ring)
MPRegen 0.07/turn               (no ring)

@: berserking, very quick
A: large, unfitting armour, claws 3, regeneration 1, shaggy fur 1, tough skin 1
a: Renounce Religion, Potion Petition, Call Merchant, Bribe Branch


You were in the Dungeon.
You worshipped Gozag.
Gozag was aware of your devotion.
You visited 1 branch You collected 243 gold pieces.

Inventory:

Hand Weapons
 a - a +2 mace (weapon)
Armour
 b - a +0 robe (worn)
 c - a +0 kite shield (worn)
Scrolls
 j - a scroll of blinking
 l - 5 scrolls of amnesia
 m - a scroll of summoning
Potions
 d - a potion of might
 e - a potion of curing
 f - a potion of heal wounds
 g - a potion of haste
 h - 4 potions of magic
 i - 2 potions of berserk rage
 k - 2 potions of invisibility


   Skills:
 + Level 3.3 Fighting
 + Level 2.2 Maces & Flails
 + Level 3.3 Dodging
 + Level 0.1 Stealth
 + Level 3.4 Shields


You had one spell level left.
You didn't know any spells.
Your spell library was empty.

Dungeon Overview and Level Annotations

Branches:
Dungeon (1/1)

Altars:
Ashenzari
Cheibriados
Dithmenos
Elyvilon
Fedhas
Gozag
Hepliaklqana
Kikubaaqudgha
Makhleb
Nemelex Xobeh
Okawaru
Qazlal
Ru
Sif Muna
Trog
Uskayaw
Vehumet
Wu Jian
Xom
Yredelemnul
Zin
The Shining One
Beogh
Jiyva
Lugonu


Innate Abilities, Weirdness & Mutations

You are too large for most types of armour.
You have claws for hands.
Your natural rate of healing is unusually fast.
You are covered in fur. (AC +1)
You have tough skin. (AC +1)


Message History

The warg bites you!
You are too injured to fight recklessly!
You are too injured to fight recklessly!
You are too injured to fight recklessly!
You are too injured to fight recklessly!
You are too injured to fight recklessly!
You are too injured to fight recklessly!
You are too injured to fight recklessly!
You are too injured to fight recklessly!
A red film seems to cover your vision as you go berserk!
You feel yourself moving faster!
You feel mighty! The warg bites you!
* * * LOW HITPOINT WARNING * * *
You hit the warg.
The warg is lightly wounded.
The warg is distracted by your dazzling golden aura.
The warg howls!
You sock the warg!
The warg is no longer distracted by gold.
The warg is heavily wounded.
The warg bites you.
* * * LOW HITPOINT WARNING * * *
The warg barely misses you.
You barely miss the warg.
The warg is heavily wounded.
The warg completely misses you.
You closely miss the warg.
The warg is heavily wounded.
You block the warg's attack.
You closely miss the warg.
The warg is moderately wounded.
The warg bites you!
* * * LOW HITPOINT WARNING * * *
You sock the warg!
The warg is severely wounded.
The warg bites you but does no damage.
You sock the warg!
The warg is almost dead.
The warg closely misses you. The warg bites you!
You die...
Your body crumbles into a pile of gold.

##########'##........
#.?).')))'.##......#.
##########.##........
#...........'........
#+#####)#####......#.
#..#..# #........
#..'..# ####'####
#..#### #.......#
#.@# #.......# #$h#
#.......# ##'#
#...<...#
#...h....##.......#
#........##.......#
###########.......#
#########


You could see a warg.

Vanquished Creatures
  An adder (D)
  An orc (D)
  A ball python (D)
  A bat skeleton (D)
  A goblin (D)
  A hobgoblin (D)
  A kobold (D)
  2 rats (D)
9 creatures vanquished.

Notes
Turn   | Place    | Note
-------+----------+-------------------------------------------
     0 | D        | mhtbhm the Troll Fighter began the quest for the Orb.
     0 | D        | Reached XP level 1. HP: 22/22 MP: 0/0
    20 | D        | Found a bloodstained altar of Trog.
    20 | D        | Found a shimmering blue altar of Sif Muna.
    20 | D        | Found a viscous altar of Jiyva.
    20 | D        | Found a hazy altar of Hepliaklqana.
    20 | D        | Found an opulent altar of Gozag.
    21 | D        | Found a glowing golden altar of the Shining One.
    21 | D        | Found a glowing silver altar of Zin.
    21 | D        | Found a basalt altar of Yredelemnul.
    21 | D        | Found a shimmering altar of Xom.
    21 | D        | Found an ornate altar of the Wu Jian Council.
    21 | D        | Found a sacrificial altar of Ru.
    21 | D        | Found a stormy altar of Qazlal.
    21 | D        | Found an iron altar of Okawaru.
    21 | D        | Found a sparkling altar of Nemelex Xobeh.
    21 | D        | Found a burning altar of Makhleb.
    21 | D        | Found a blossoming altar of Fedhas.
    21 | D        | Found a white marble altar of Elyvilon.
    21 | D        | Found a shadowy altar of Dithmenos.
    21 | D        | Found a snail-covered altar of Cheibriados.
    23 | D        | Found a radiant altar of Vehumet.
    23 | D        | Found a corrupted altar of Lugonu.
    24 | D        | Found a hide-covered altar of Uskayaw.
    24 | D        | Found an ancient bone altar of Kikubaaqudgha.
    24 | D        | Found a broken altar of Ashenzari.
    28 | D        | Became a worshipper of Gozag Ym Sagoz the Greedy
    87 | D        | Reached XP level 2. HP: 31/31 MP: 1/1
   116 | D        | Noticed a warg
   130 | D        | Slain by a warg

Illustrated notes

Levels and vault maps discovered:
D:        pitsprint [storerooms_1, entrance_room_1, metal_vault_3, armoury_1,
          mini_pit_1, grid_room_1, main_hall_1, silver_pit, the_coven_1,
          the_vestibule_1, steel_vault_3, golden_pit, hallway_of_sentries,
          crystal_vault_4, iron_vault_1, final_vault]

Skill      XL: |  1 |
---------------+----+-----
Maces & Flails | 2 |  2.2
Fighting       | 3 |  3.3
Dodging        | 3 |  3.3
Shields        | 3 |  3.4
Stealth        | |  0.1

Action                   || total
-------------------------++-------
Melee: Mace              ||    27
       Flail             ||     1
  Use: Potion            ||     1
 Stab: Sleeping          ||     1
Armor: Robe              ||    11
Dodge: Dodged            ||     8
Block: Kite shield       ||    14

Table legend: (Time is in decaauts)
 A = Elapsed time spent in this place.
 B = Non-inter-level travel time spent in this place.
 C = Inter-level travel time spent in this place.
 D = Time resting spent in this place.
 E = Time spent auto-exploring this place.
 F = Levels seen in this place.
 G = Mean time per level.
                   A        B        C        D        E       F      G
               +--------+--------+--------+--------+--------+-----+--------+
         Total |    138 |    138 |      0 |      0 |      0 |   1 |  138.0 |
       Dungeon |    138 |    138 |      0 |      0 |      0 |   1 |  138.0 |
               +--------+--------+--------+--------+--------+-----+--------+

Top non-repeatable levels by time:
       D: 138 daAuts
